 Dungeon Crawl Stone Soup version 0.28.0 (webtiles) character file.

Game seed: 8183234890364877742

947 DasRunzen the Magician (level 8, -10/56 HPs)
             Began as a Djinni Fire Elementalist on Feb 10, 2022.
             Was an Initiate of Qazlal.
             Killed from afar by Ijyb (14 damage)
             ... with an iceblast
             ... on level 5 of the Dungeon.
             The game lasted 00:11:48 (6354 turns).

DasRunzen the Magician (Djinni Fire Elementalist)   Turns: 6354, Time: 00:11:48

Health: -10/56     AC:  6    Str:  7    XL:     8   Next: 35%
Gold:   161        EV: 13    Int: 19    God:    Qazlal [......] SH:  0 Dex: 14

rFire   + + .      SeeInvis .   n - +4 falchion
rCold   . . .      Faith    .   (no shield)
rNeg    . . .      Spirit   .   i - +2 robe of the Slug {MP+9}
rPois   ∞          Reflect  .   e - +0 helmet
rElec   .          Harm     .   (no cloak)
rCorr   .          Rampage  .   l - +0 pair of gloves
Will    .....                   (boots unavailable)
Stlth   ++........              (no amulet)
HPRegen 0.18/turn               m - ring of protection from cold
MPRegen 0.00/turn               (no ring)

@: flying
A: sickness immunity, fire resistance 2, cold vulnerability 1, float, innate
caster, HP casting, extra vitality 1
a: Renounce Religion


You were on level 5 of the Dungeon.
You worshipped Qazlal.
Qazlal was noncommittal.
You visited 2 branches of the dungeon, and saw 6 of its levels.

You collected 215 gold pieces.
You spent 54 gold pieces at shops.

Inventory:

Hand Weapons
 j - a +1 halberd of protection
 n - a +4 falchion (weapon)
Missiles
 g - 2 throwing nets
Armour
 e - a +0 helmet (worn)
 i - the +2 robe of the Slug (worn) {MP+9}
   (You found it on level 2 of the Dungeon)

   MP:        It affects your magic capacity (+9).
 l - a +0 pair of gloves (worn)
Jewellery
 c - a ring of fire
 m - a ring of protection from cold (left hand)
Scrolls
 d - a scroll of blinking
 p - a scroll of identify {unknown}
Potions
 a - a potion of brilliance {unknown}
 b - a potion of haste {unknown}
 f - 4 potions of curing {unknown}
 h - a potion of degeneration {unknown}
 k - a potion of mutation {unknown}
 o - a potion of might {unknown}


   Skills:
 * Level 3.4 Fighting
 + Level 0.7 Long Blades
 * Level 3.3 Armour
 + Level 3.3 Dodging
 - Level 1.5 Stealth
 + Level 5.8 Spellcasting


You couldn't memorise any spells.
You knew the following spells:

 Your Spells              Type           Power      Damage    Failure   Level
a - Foxfire               Conj/Fire      100%       2x1d9     1%          1
b - Scorch                Fire           54%        2d8       1%          2
c - Conjure Flame         Conj/Fire      27%        6-21      3%          3
d - Inner Flame           Hex/Fire       27%        N/A       3%          3
e - Flame Wave            Conj/Fire      27%        2d7       11%         4
f - Pain                  Necr           100%       1d9       1%          1
g - Corpse Rot            Necr/Air       54%        N/A       1%          2
h - Stone Arrow           Conj/Erth      54%        3d10      3%          3
Your spell library was empty.

Dungeon Overview and Level Annotations

Branches:
Dungeon (5/15)             Temple (1/1) D:5

Altars:
Ashenzari
Cheibriados
Fedhas
Gozag
Kikubaaqudgha
Nemelex Xobeh
Okawaru
Qazlal
Ru
Trog
Uskayaw
Wu Jian
Yredelemnul
Zin
The Shining One
Ignis

Shops:
D:4 [

Annotations:
D:5 Ijyb


Innate Abilities, Weirdness & Mutations

You are immune to sickness and miasma.
You are immune to poison.
Your flesh is very heat resistant. (rF++)
You are vulnerable to cold. (rC-)
You float through the air rather than walking.
You learn spells naturally, not from books.
Your magical power is your life essence.
You have superior vitality. (+4 MHP)


Message History

You reach down and open the door.
There is an open door here.
There is an open door here.
You reach down and open the door.
Found a helmet.
There is an open door here.
p - a scroll labelled DAFADUS LEESE MOLE You now have 161 gold pieces (gained 12).
You reach down and open the door.
There is an open door here.
Ijyb the Twisted Goblin comes into view.
She is wielding a +0 dagger and carrying a wand of iceblast (6).
Casting: Scorch (safe; 1% risk of failure)
Confirm with . or Enter, or press ? or * to list all spells.
Flames lash Ijyb.
Ijyb shouts!
Ijyb is moderately wounded.
Ijyb's fire resistance burns away.
Ijyb zaps a wand.
The mass of ice explodes!
The iceblast engulfs you!
Casting: Scorch (safe; 1% risk of failure)
Confirm with . or Enter, or press ? or * to list all spells.
Flames lash Ijyb.
Ijyb is burned terribly!
Ijyb is heavily wounded.
Ijyb zaps a wand.
The mass of ice explodes!
The iceblast engulfs you!
Unknown command.
Casting: Scorch (safe; 1% risk of failure)
Confirm with . or Enter, or press ? or * to list all spells.
Flames lash Ijyb.
Ijyb is heavily wounded.
Ijyb zaps a wand.
The mass of ice explodes!
The iceblast engulfs you!!
* * * LOW HITPOINT WARNING * * *
Unknown command.
Casting: Scorch (safe; 1% risk of failure)
Confirm with . or Enter, or press ? or * to list all spells.
Aiming: Stone Arrow (dangerous; 3% risk of failure)
Press: ? - help, Shift-Dir - straight line, f - Ijyb
Aim: Ijyb, wielding a +0 dagger, wearing a +0 leather armour and carrying a wand of iceblast (3) (heavily wounded, more vulnerable to fire, 64% to hit)
The stone arrow misses Ijyb.
* * * LOW HITPOINT WARNING * * *
Ijyb zaps a wand.
The mass of ice explodes!
The iceblast engulfs you!
You die...

#####
#####...#
#####.......#
#.....@.....#
...###.###..##
#. #..### #g
#....# ..
#.##.# ##
#.##.# ##+##
..##.# ##...##
#####.#
##.....## ###
#.#


You could see Ijyb (combustible).

Vanquished Creatures
  A sky beast (D:5)
  A water moccasin zombie (D:5)
  2 scorpions (D:4)
  A water moccasin skeleton (D:5)
  2 hounds
  2 orc priests (D:4)
  An iguana (D:5)
  5 orc wizards
  A killer bee zombie (D:5)
  3 hound zombies (D:5)
  2 hound skeletons
  A howler monkey zombie (D:5)
  4 gnolls (D:3)
  6 adders
  An adder zombie (D:5)
  3 worms
  3 fire bats (D:3)
  14 orcs
  2 spectral bats (D:3)
  3 bat skeletons (D:3)
  A bat zombie (D:3)
  6 endoplasms
  10 goblins
  3 hobgoblins
  3 jackals (D:5)
  A quokka (D:4)
  7 ball pythons
  13 bats
  A bat simulacrum (D:3)
  4 kobolds (D:1)
  3 rats
110 creatures vanquished.

Vanquished Creatures (others)
  191 foxfires
  5 plants (D:3)
196 creatures vanquished.

Grand Total: 306 creatures vanquished

Notes
Turn   | Place    | Note
-------+----------+-------------------------------------------
     0 | D:1      | DasRunzen the Djinni Fire Elementalist began the quest for
                  | the Orb.
     0 | D:1      | Reached XP level 1. HP: 15/15 MP: 0/0
   463 | D:1      | Reached XP level 2. HP: 18/21 MP: 0/0
  1246 | D:2      | Reached XP level 3. HP: 24/26 MP: 0/0
  1246 | D:2      | Learned a level 1 spell: Pain
  1408 | D:2      | Reached skill level 1 in Fighting
  1932 | D:2      | Reached skill level 1 in Armour
  1948 | D:2      | Identified the +2 robe of the Slug {MP+9}
  1985 | D:2      | Reached skill level 3 in Spellcasting
  2418 | D:3      | Reached XP level 4. HP: 31/32 MP: 0/0
  2517 | D:3      | Found a sparkling altar of Nemelex Xobeh.
  2766 | D:3      | Reached XP level 5. HP: 33/37 MP: 0/0
  2766 | D:3      | Learned a level 2 spell: Corpse Rot
  3411 | D:3      | Reached XP level 6. HP: 28/43 MP: 0/0
  3423 | D:3      | Reached skill level 4 in Spellcasting
  3786 | D:4      | Found Kelybrod's Armour Shop.
  3789 | D:4      | Bought a +0 pair of gloves for 54 gold pieces
  3862 | D:4      | Found a sacrificial altar of Ru.
  4353 | D:4      | Reached XP level 7. HP: 41/49 MP: 0/0
  4353 | D:4      | Learned a level 3 spell: Stone Arrow
  4882 | D:5      | Entered Level 5 of the Dungeon
  4921 | D:5      | Reached skill level 5 in Spellcasting
  5112 | D:5      | Found a basalt altar of Yredelemnul.
  5547 | D:5      | Found a staircase to the Ecumenical Temple.
  5556 | Temple   | Entered the Ecumenical Temple
  5576 | Temple   | Became a worshipper of Qazlal Stormbringer
  5658 | D:5      | Reached XP level 8. HP: 52/56 MP: 0/0
  6350 | D:5      | Noticed Ijyb
  6354 | D:5      | Killed from afar by Ijyb

Illustrated notes

Levels and vault maps discovered:
D:1:      minmay_arrival_four_loops, layout_basic
D:2:      layout_loops_corners
D:3:      cheibrodos_old_hovel, layout_rooms, nemelex_diamond_rough_becter,
          goddamned_bats
D:4:      layout_rooms, mainiacjoe_overflow_alcove_1, serial_shops,
          nicolae_stop_n_shop_2
D:5:      layout_loops_corners, nicolae_yredelemnul_corpse_copse,
          minmay_temple_entry_glassed_door, uniq_ijyb
Temple:   ebering_untended_altars

Skill      XL: |  1  2  3  4  5  6  7 |
---------------+----------------------+-----
Fighting       | 1 2 3 |  3.4
Armour         | 1 2 3 |  3.3
Spellcasting   | 3 4 5 |  5.8
Dodging        | 3 |  3.3
Long Blades    | |  0.7
Stealth        | |  1.5

Action                   |  1- 3 |  4- 6 |  7- 9 || total
-------------------------+-------+-------+-------++-------
Melee: Unarmed           |     1 |       |       ||     1
       Halberd           |       |     2 |       ||     2
       Falchion          |       |       |    20 ||    20
 Cast: Foxfire           |    65 |    37 |    19 ||   121
       Scorch            |       |    36 |    48 ||    84
       Inner Flame       |       |     7 |     6 ||    13
       Pain              |       |     5 |       ||     5
       Stone Arrow       |       |       |     1 ||     1
  Use: Scroll            |     3 |       |     1 ||     4
Armor: Robe              |     1 |    29 |    15 ||    45
Dodge: Dodged            |    11 |    58 |    24 ||    93
